 Dungeon Crawl Stone Soup version 0.31-a0-662-g684573625c (webtiles) character file.

Game seed: 7852485560474501484

253935 Pooter the Executioner (level 19, -28/179 (183) HPs)
             Began as a Minotaur Berserker on Aug 29, 2023.
             Was the Champion of Trog.
             Killed from afar by a deep elf knight (37 damage)
             ... with a lance of force
             ... on level 1 of the Elven Halls on Aug 31, 2023.
             The game lasted 03:33:43 (47918 turns).

Pooter the Executioner (Minotaur Berserker)        Turns: 47918, Time: 03:33:44

HP:   -28/179 (183) AC: 30    Str: 26    XL:     19   Next: 1%
MP:   18/18         EV: 12    Int:  4    God:    Trog [******]
Gold: 376           SH:  5    Dex: 14    Spells: 18/18 levels left

rFire   + . .        h - +2 executioner's axe (heavy)
rCold   + . .        (shield currently unavailable)
rNeg    . . .        V - +18 Lear's hauberk
rPois   .            (helmet currently unavailable)
rElec   .            H - scarf {rC+ rF+}
rCorr   .            (gloves currently unavailable)
SInv    +            (boots currently unavailable)
Will    +++..        x - amulet of reflection Stlth
                     S - ring of see invisible
HPRegen 1.49/turn    o - +4 ring of slaying
MPRegen 0.16/turn

%: reflection
@: strong-willed, regenerating, studying Long Blades, lightly drained
A: horns 2, retaliatory headbutt
}: 2/15 runes: serpentine, barnacled
a: Renounce Religion, Berserk, Trog's Hand, Brothers in Arms


You were on level 1 of the Elven Halls.
You worshipped Trog.
Trog was exalted by your worship.
You visited 6 branches of the dungeon, and saw 31 of its levels.
You visited 1 bazaar.
You also visited: Gauntlet.

You collected 2911 gold pieces.
You spent 2535 gold pieces at shops.

Inventory:

Hand Weapons
 a - the +8 frozen axe "Frostbite" {freeze, freezing cloud, *Noise Fly rC+}
   (You found it on level 12 of the Dungeon)

   rC+:       It protects you from cold.
   Fly:       It grants you flight.
   *Noise:    It may make a loud noise when swung.
 b - a +9 arbalest of flaming
   (You took it off an orc warrior on level 8 of the Dungeon)
 h - a +2 heavy executioner's axe (weapon)
   (Trog gifted it to you on level 4 of the Shoals)
 N - the +5 battleaxe of Ibeahus {flame, rElec Int+4 Dex+2}
   (You found it in a Gauntlet)

   Int+4:     It affects your intelligence (+4).
   Dex+2:     It affects your dexterity (+2).
   rElec:     It insulates you from electricity.
Missiles
 c - 24 javelins
 e - 17 curare-tipped darts
 J - 33 boomerangs (quivered)
Armour
 r - a +2 cloak of poison resistance
   (You found it in a Gauntlet)
 B - the +10 chain mail "Pochaomed" {rC- Str+5 Stlth+}
   (You found it on level 5 of the Lair of Beasts)

   Str+5:     It affects your strength (+5).
   rC-:       It makes you vulnerable to cold.
   Stlth+:    It makes you more stealthy.
 H - a scarf of resistance (worn)
   (You found it in a Gauntlet)
 O - a +2 hat
   (You found it on level 9 of the Dungeon)
 V - the +18 Lear's hauberk (worn)
   (You found it on level 2 of the Lair of Beasts)
 W - the +0 cloak of Winter {*Corrode Drain rN+++ Stlth+}
   (You found it on level 2 of the Snake Pit)

   rN+++:     It renders you almost immune to negative energy.
   *Corrode:  It may corrode you when you take damage.
   Drain:     It drains your maximum health when unequipped.
   Stlth+:    It makes you more stealthy.
Jewellery
 l - a +4 ring of protection
   (You found it on level 2 of the Dungeon)
 o - a +4 ring of slaying (right hand)
   (You took it off a naga warrior on level 4 of the Snake Pit)
 x - an amulet of reflection (around neck)
   (You bought it in a shop on level 4 of the Snake Pit)
 C - a ring of resist corrosion
   (You found it on level 3 of the Snake Pit)
 F - a +5 ring of evasion
   (You found it on level 8 of the Dungeon)
 G - a +6 ring of strength
   (You bought it in a shop on level 2 of the Snake Pit)
 I - a ring of protection from cold
   (You found it on level 14 of the Dungeon)
 P - a ring of poison resistance
   (You found it on level 3 of the Dungeon)
 S - a ring of see invisible (left hand)
   (You found it in a Gauntlet)
 T - a ring of willpower
   (You found it on level 9 of the Dungeon)
 Z - an amulet of regeneration
   (You bought it in a shop on level 1 of the Dungeon)
Wands
 d - a wand of iceblast (49)
   (You found it on level 6 of the Dungeon)
 f - a wand of flame (34)
   (You found it on level 6 of the Dungeon)
 s - a wand of charming (8)
   (You found it in a Gauntlet)
 y - a wand of mindburst (31)
   (You took it off Ijyb on level 4 of the Dungeon)
 D - a wand of digging (6)
   (You found it on level 2 of the Lair of Beasts)
 R - a wand of light (6)
   (You found it in a Gauntlet)
Scrolls
 g - 6 scrolls of revelation
 i - 2 scrolls of poison {!r}
 j - a scroll of butterflies
 p - 3 scrolls of blinking
 t - 21 scrolls of teleportation {@r4}
 u - 2 scrolls of silence
 w - 6 scrolls of enchant armour
 A - 4 scrolls of immolation {!r}
 Q - 10 scrolls of fog
 U - 3 scrolls of vulnerability {!r}
Potions
 k - 14 potions of curing {@q1}
 m - 2 potions of might
 n - 5 potions of heal wounds {@q2}
 q - 2 potions of cancellation
 v - 3 potions of lignification {!q}
 z - 4 potions of enlightenment
 E - a potion of invisibility
 K - 4 potions of attraction {!q}
 L - 2 potions of mutation {!q}
 X - 5 potions of haste {@q3}
 Y - 2 potions of resistance
Miscellaneous
 M - a box of beasts
   (You found it on level 11 of the Dungeon)


   Skills:
 + Level 19.3 Fighting
 - Level 23.7(24.0) Axes
 - Level 5.0(16.4) Maces & Flails
 - Level 3.3(16.0) Polearms
 + Level 17.8 Ranged Weapons
 + Level 5.2 Throwing
 - Level 13.0 Armour
 + Level 6.9 Dodging
 + Level 5.4 Stealth
 - Level 9.0 Evocations


You had 18 spell levels left.
You didn't know any spells.
Your spell library was empty.

Dungeon Overview and Level Annotations

Branches:
Dungeon (15/15) Zot: 24409  Temple (0/1) D:4            Lair (5/5) D:10 Zot: 22714
 Shoals (4/4) Lair:3 Zot: 16613   Snake (4/4) Lair:3 Zot: 13892   Slime (0/5) Lair:5
    Orc (2/2) D:11 Zot: 7517     Elf (1/3) Orc:2 Zot: 4217  Vaults (0/5) D:14
 Depths (0/4) D:15        Gauntlet (visited)

Altars:
Cheibriados
Fedhas
Okawaru
Trog
Wu Jian
Yredelemnul
Zin
The Shining One
Jiyva

Shops:
D:1 =   D:6 :   D:7 :   Orc:2 ?((:   Elf:1 !   Shoals:1 *   Snake:1 [
Snake:2 *:(   Snake:4 ::=

Annotations:
D:6 3 runed translucent doors, Jingleheimer's ghost, novice OpSh


Innate Abilities, Weirdness & Mutations

You have a pair of horns on your head.
You reflexively headbutt those who attack you in melee.


Message History

The deep elf demonologist is empowered by the deep elf high priest's aura! x2
The deep elf knight is empowered by the deep elf high priest's aura!
The deep elf demonologist gestures wildly while chanting.
The deep elf demonologist hits you but does no damage.
You feel drained. The reaper hits you but does no damage.
You slice the deep elf demonologist!! You headbutt the deep elf demonologist.
You kill the deep elf demonologist!
Trog accepts your kill.
Trog appreciates your killing of a magic user.
The rust devil disappears in a puff of smoke!
The Ice Fiend disappears in a puff of smoke!
The Executioner disappears in a puff of smoke!
You hit the deep elf demonologist.
The deep elf demonologist hits you but does no damage.
You feel drained. The reaper barely misses you.
You hit the deep elf demonologist. You headbutt the deep elf demonologist.
You hit the neqoxec.
The deep elf demonologist gestures wildly while chanting.
You block the reaper's attack. The neqoxec closely misses you.
You barely miss the deep elf demonologist.
You headbutt the deep elf demonologist! You closely miss the neqoxec.
The deep elf demonologist hits you but does no damage.
You feel drained. The reaper closely misses you. The neqoxec gestures at you.
Something tries to feed on your intellect!
The Brimstone Fiend calls on the powers of darkness!
The deep elf knight convulses!
The deep elf demonologist convulses!
The deep elf knight convulses!
Your body is wracked with pain!
* * * LOW HITPOINT WARNING * * *
You slice the deep elf demonologist like a ripe choko!!!
You kill the deep elf demonologist!
Trog accepts your kill.
Trog appreciates your killing of a magic user.
The neqoxec disappears in a puff of smoke!
The reaper disappears in a puff of smoke!
The Brimstone Fiend disappears in a puff of smoke!
The chaos spawn degenerates into a cloud of primal chaos!
The deep elf knight casts a spell at you.
The lance of force hits you!
* * * LOW HITPOINT WARNING * * *
You are knocked back by the lance of force.
You slam into the rock wall!
* * * LOW HITPOINT WARNING * * *
The deep elf knight unwields a +1 short sword of flaming.
It stops flaming.
The deep elf knight wields a +0 longbow.
The deep elf knight shoots an arrow.
The arrow hits you but does no damage.
The deep elf knight points at you and mumbles some strange words.
The lance of force hits you!!!
You die...

#.....#
##.....##
#.......#
#.......#
#.......##
##.....#'## #
###
##'......#.##
### #.#
##.###'##.##.#
#.. ..# #@##
#.....######.
..# ....e§)§#
#...#.'.^.##.
..# ....'§e§.
#.#...#...###
.(# .#.)#...##
#.#####...###
..# ..) '.#'#
# #...#.#...
#.# .. .''##.
#......... #.#
8 88#.# #
#...#.#).. #'#
######.#
#####...###
#.# #.## #§#
#...#.).#..


You could see 2 deep elf knights.

Vanquished Creatures
  Saint Roka (Snake:3)
  Jorgrun (Snake:2)
  A kraken (Shoals:3)
  Frances (Shoals:1)
  Polyphemus (Shoals:2)
  The ghost of jasper the Genius of the Arcane, an adept DsCA of Sif Muna (Shoals:4)
  Donald (Shoals:3)
  Ilsuiw (Shoals:3)
  Roxanne (Shoals:2)
  7 nagarajas (Snake:4)
  The ghost of freelancePsychic the Grappler, a journeyman TrSh of Okawaru (Orc:2)
  An orc warlord (Orc:2)
  A stone giant (D:15)
  2 deep elf demonologists (Elf:1)
  A minotaur (Gauntlet)
  4 merfolk javelineers
  8 merfolk impalers
  A deep elf death mage (Elf:1)
  Fannar (D:9)
  A vault guard (D:14)
  6 hydras
  A salamander tyrant (Snake:2)
  Erolcha (D:10)
  2 catoblepae
  7 centaur warriors
  A merfolk avatar (Shoals:4)
  2 two-headed ogres
  6 anacondas
  11 dancing weapons (Elf:1)
  An alligator snapping turtle (Shoals:4)
  4 boulder beetles
  A deep troll shaman (Lair:5)
  9 merfolk aquamancers
  21 death yaks
  3 tengu warriors
  9 naga sharpshooters
  18 naga warriors
  3 orc high priests (Orc:2)
  7 shock serpents
  5 deep elf knights
  4 skysharks
  3 salamander mystics
  A death drake (Gauntlet)
  28 sea snakes
  6 deep elf archers
  5 naga ritualists
  21 harpies
  Pikel (D:4)
  A wizard (D:15)
  9 mana vipers
  10 orc knights
  An oklob plant (Lair:1)
  A lindwurm (D:9)
  18 deep elf zephyrmancers
  5 ugly things
  15 deep elf pyromancers
  8 salamanders
  7 orc sorcerers
  10 cyclopes
  14 manticores
  4 centaur zombies (Gauntlet)
  6 fauns
  Maurice (D:9)
  9 merfolk sirens
  13 naga magi
  12 elephants
  27 black mambas
  5 water nymphs
  6 guardian serpents
  A gargoyle (D:13)
  4 cane toads
  Maggie (D:10)
  11 komodo dragons
  6 rime drakes
  An ice devil (Gauntlet)
  11 trolls
  6 wind drakes
  11 polar bears
  A polar bear (shapeshifter) (D:14)
  A freezing wraith (D:15)
  A tarantella (shapeshifter) (D:13)
  25 merfolk
  3 meliai (D:10)
  32 blink frogs
  A hornet (D:11)
  9 dream sheep
  12 snapping turtles
  Sigmund (D:2)
  A centaur simulacrum (Gauntlet)
  2 air elementals (Elf:1)
  4 slime creatures
  2 shadows
  A wraith (D:10)
  3 wyverns
  18 water elementals
  3 fire elementals (Elf:1)
  A human (shapeshifter) (Elf:1)
  3 basilisks
  51 yaks
  3 redbacks (D:9)
  A steam dragon (D:9)
  15 vampire mosquitoes
  3 wargs
  Menkaure (D:7)
  47 nagas
  A harpy simulacrum (Gauntlet)
  2 acid dragons
  34 water moccasins
  A meliai simulacrum (D:14)
  4 black bears
  31 orc warriors
  2 ice beasts
  5 ogres
  17 wolves
  3 boggarts (D:14)
  10 centaurs
  2 phantoms
  A lemure (D:4)
  3 kobold brigands
  12 bullfrogs
  2 gnoll sergeants
  An earth elemental (Elf:1)
  2 scorpions
  A hornet simulacrum (Gauntlet)
  8 wights
  20 killer bees
  3 howler monkeys
  A vampire bat (Lair:3)
  5 electric eels
  5 crimson imps (D:13)
  2 lava snakes (D:9)
  2 jellies
  4 hounds
  2 sleepcaps
  14 orc priests
  8 iguanas
  Ijyb (D:4)
  Terence (D:2)
  6 hell rats (Lair:3)
  27 orc wizards
  A boggart simulacrum (D:15)
  Robin (D:2)
  15 adders
  11 gnolls
  6 shadow imps
  9 white imps
  3 worms (D:3)
  4 dart slugs
  83 orcs
  13 ball pythons
  16 bats
  4 endoplasms
  4 giant cockroaches
  12 goblins
  3 hobgoblins
  11 jackals
  2 quokkas
  3 frilled lizards
  18 kobolds
  7 rats
  2 tentacles (Shoals:3)
1174 creatures vanquished.

Vanquished Creatures (collateral kills)
  The ghost of MrSquiggles the Tortoise, a journeyman MiFi of Okawaru (D:15)
1 creature vanquished.

Vanquished Creatures (others)
  A two-headed ogre (D:11)
  A deep elf knight (Elf:1)
  A water elemental (Shoals:4)
  A centaur (D:11)
  3 orcs (D:11)
  4 tentacles (Shoals:3)
11 creatures vanquished.

Grand Total: 1186 creatures vanquished

Notes
Turn   | Place    | Note
-------+----------+-------------------------------------------
     0 | D:1      | Pooter the Minotaur Berserker began the quest for the Orb.
     0 | D:1      | Reached XP level 1. HP: 19/19 MP: 0/0
    25 | D:1      | Reached skill level 4 in Axes
    45 | D:1      | Reached XP level 2. HP: 22/27 MP: 1/1
   219 | D:1      | Reached XP level 3. HP: 33/33 MP: 2/2
   271 | D:1      | Found Saesaho's Jewellery Boutique.
   406 | D:1      | Reached ** piety under Trog
   589 | D:2      | Reached skill level 5 in Axes
   844 | D:2      | Reached XP level 4. HP: 33/41 MP: 3/3
   935 | D:2      | Noticed Robin
   940 | D:2      | Killed Robin
   941 | D:2      | Noticed Terence
   953 | D:2      | Killed Terence
  1053 | D:2      | Noticed Sigmund
  1068 | D:2      | Killed Sigmund
  1069 | D:2      | Reached skill level 5 in Fighting
  1069 | D:2      | Reached skill level 6 in Axes
  1069 | D:2      | Reached XP level 5. HP: 48/48 MP: 4/4
  1069 | D:2      | Reached XP level 6. HP: 56/56 MP: 5/5
  1781 | D:3      | Reached skill level 7 in Axes
  1819 | D:3      | Found a blossoming altar of Fedhas.
  1988 | D:4      | Reached *** piety under Trog
  2094 | D:4      | Found a staircase to the Ecumenical Temple.
  2336 | D:4      | Noticed Pikel
  2347 | D:4      | Killed Pikel
  2348 | D:4      | Reached skill level 8 in Axes
  2348 | D:4      | Reached XP level 7. HP: 49/64 MP: 6/6
  2623 | D:4      | Noticed Ijyb
  2633 | D:4      | Killed Ijyb
  3485 | D:5      | Entered Level 5 of the Dungeon
  3552 | D:5      | Reached skill level 9 in Axes
  3552 | D:5      | Reached XP level 8. HP: 71/71 MP: 7/7
  3672 | D:5      | Found a glowing golden altar of the Shining One.
  3674 | D:5      | Noticed an angel
  3776 | D:5      | Reached skill level 1 in Ranged Weapons
  3800 | D:5      | Found a glowing silver altar of Zin.
  3936 | D:5      | Found a basalt altar of Yredelemnul.
  4035 | D:6      | Reached skill level 5 in Maces & Flails
  4203 | D:6      | Found a runed translucent gate.
  4204 | D:6      | Found a runed translucent gate.
  4204 | D:6      | Noticed Jingleheimer's ghost (novice OpSh)
  4205 | D:6      | Found a runed translucent gate.
  4439 | D:6      | Reached skill level 1 in Polearms
  4621 | D:6      | Found Elesarup's Tiny Tomes.
  4696 | D:6      | Found an iron altar of Okawaru.
  4720 | D:6      | Reached skill level 10 in Axes
  4973 | D:6      | Reached XP level 9. HP: 80/80 MP: 8/8
  5471 | D:7      | Noticed Menkaure
  5483 | D:6      | Reached skill level 5 in Ranged Weapons
  5939 | D:6      | Reached skill level 11 in Axes
  5952 | D:7      | Killed Menkaure
  6125 | D:7      | Found Maaxeu's Book Shoppe.
  7016 | D:1      | Bought an amulet of regeneration for 420 gold pieces
  7480 | D:8      | Reached XP level 10. HP: 87/90 MP: 9/9
  7559 | D:8      | Reached skill level 12 in Axes
  8092 | D:9      | Found a runed translucent door.
  8174 | D:9      | Found a runed translucent gate.
  8174 | D:9      | Found a runed translucent gate.
  8174 | D:9      | Found a runed translucent gate.
  8174 | D:9      | Found a runed translucent gate.
  8174 | D:9      | Found a runed translucent gate.
  8174 | D:9      | Found a runed translucent gate.
  8174 | D:9      | Noticed a lindwurm
  8174 | D:9      | Noticed a boulder beetle
  8176 | D:9      | Noticed a boulder beetle
  8190 | D:9      | Killed a boulder beetle
  8194 | D:9      | Killed a boulder beetle
  8195 | D:9      | Reached skill level 13 in Axes
  8347 | D:9      | Killed a lindwurm
  8357 | D:9      | Reached skill level 10 in Fighting
  8532 | D:9      | Found a bloodstained altar of Trog.
  8867 | D:9      | Found an ornate altar of the Wu Jian Council.
  8955 | D:9      | Noticed Maurice
  8963 | D:9      | Killed Maurice
  8964 | D:9      | Reached XP level 11. HP: 99/99 MP: 10/10
  9153 | D:10     | Entered Level 10 of the Dungeon
  9153 | D:10     | Noticed Erolcha
  9164 | D:10     | Killed Erolcha
  9869 | D:10     | Reached skill level 10 in Ranged Weapons
  9872 | D:10     | Reached skill level 14 in Axes
 10129 | D:10     | Noticed Maggie
 10165 | D:10     | Killed Maggie
 10187 | D:10     | Noticed Fannar
 10236 | D:9      | Killed Fannar
 10557 | D:10     | Found a staircase to the Lair.
 10903 | Lair:1   | Entered Level 1 of the Lair of Beasts
 11023 | Lair:1   | Reached skill level 15 in Axes
 11477 | Lair:1   | Noticed an oklob plant
 11507 | Lair:1   | Killed an oklob plant
 11683 | Lair:2   | Found the +18 Lear's hauberk
 11787 | Lair:2   | Reached XP level 12. HP: 110/110 MP: 11/11
 11888 | Lair:2   | Reached **** piety under Trog
 13668 | Lair:2   | Reached skill level 16 in Axes
 14751 | Lair:3   | Reached skill level 17 in Axes
 14839 | Lair:3   | Found a staircase to the Snake Pit.
 14875 | Lair:3   | Reached XP level 13. HP: 119/119 MP: 12/12
 14961 | Lair:3   | Found a staircase to the Shoals.
 16444 | Lair:5   | Entered Level 5 of the Lair of Beasts
 16453 | Lair:4   | Reached skill level 18 in Axes
 16601 | Lair:5   | Reached skill level 15 in Ranged Weapons
 16639 | Lair:5   | Found a viscous altar of Jiyva.
 16639 | Lair:5   | Found a staircase to the Slime Pits.
 17021 | Lair:4   | Reached XP level 14. HP: 130/130 MP: 13/13
 17113 | Lair:5   | Reached ***** piety under Trog
 17200 | Lair:5   | Reached skill level 19 in Axes
 17781 | Lair:5   | Identified the +10 chain mail "Pochaomed" {rC- Str+5
                  | Stlth+}
 18258 | D:11     | Found a gate leading to a gauntlet.
 18278 | Gauntlet | Entered a Gauntlet
 18278 | Gauntlet | Found a transporter.
 18278 | Gauntlet | Found a transporter.
 18282 | Gauntlet | Found a transporter.
 18282 | Gauntlet | Found a transporter.
 18289 | Gauntlet | Found a transporter.
 18305 | Gauntlet | Found a transporter.
 18305 | Gauntlet | Found a transporter.
 18318 | Gauntlet | Found a transporter.
 18354 | Gauntlet | Found a transporter.
 18367 | Gauntlet | Found a transporter.
 18404 | Gauntlet | Found a transporter.
 18412 | Gauntlet | Found a transporter.
 18477 | Gauntlet | Found a transporter.
 18518 | Gauntlet | Identified the +5 battleaxe of Ibeahus {flame, rElec Int+4
                  | Dex+2}
 18524 | Gauntlet | Identified the +1 troll leather armour "Lutewual" {-Cast
                  | rElec rN++ Regen+ Str+3}
 18563 | D:11     | Identified the +4 ring mail of Qoostry {rElec rF- Will+}
 18761 | D:11     | Found a staircase to the Orcish Mines.
 18962 | Orc:1    | Entered Level 1 of the Orcish Mines
 19880 | Orc:2    | Entered Level 2 of the Orcish Mines
 19880 | Orc:2    | Found a staircase to the Elven Halls.
 19892 | Orc:2    | Reached skill level 1 in Evocations
 20575 | Orc:2    | Noticed an orc warlord
 20629 | Orc:1    | Reached skill level 15 in Fighting
 20894 | Orc:2    | Killed an orc warlord
 21420 | Orc:2    | Found a runed translucent gate.
 21420 | Orc:2    | Found a runed translucent gate.
 21420 | Orc:2    | Found a runed translucent gate.
 21425 | Orc:2    | Noticed freelancePsychic's ghost (journeyman TrSh)
 21430 | Orc:2    | Found an iron altar of Okawaru.
 21605 | Orc:2    | Reached skill level 5 in Armour
 21730 | Orc:2    | Paralysed by an orc sorcerer for 5 turns
 21880 | Orc:2    | Reached XP level 15. HP: 131/131 MP: 14/14
 22168 | Orc:2    | Found Muopp's Magic Scroll Shoppe.
 22168 | Orc:2    | Found Ejatouta's Book Boutique.
 22170 | Orc:2    | Found Vowy's Weapon Shoppe.
 22170 | Orc:2    | Found Dakok's Weapon Boutique.
 22176 | Orc:2    | Bought a scroll of blinking for 82 gold pieces
 22176 | Orc:2    | Bought a scroll of identify for 22 gold pieces
 22176 | Orc:2    | Bought a scroll of brand weapon for 104 gold pieces
 22176 | Orc:2    | Bought a scroll of revelation for 82 gold pieces
 22176 | Orc:2    | Bought a scroll of identify for 22 gold pieces
 22455 | Orc:2    | Killed freelancePsychic's ghost
 23551 | Orc:2    | Identified the +4 troll leather armour of the Big Bang
                  | {rPois Will- Regen+ rCorr Dex+3}
 23817 | D:12     | Found the +8 frozen axe "Frostbite" {freeze, freezing
                  | cloud, *Noise Fly rC+}
 23958 | D:12     | Found a snail-covered altar of Cheibriados.
 25119 | D:14     | Reached skill level 20 in Axes
 25149 | D:14     | Found a gate to the Vaults.
 25712 | D:14     | Upgraded the game from 0.31-a0-654-gbe3e110b4e to
                  | 0.31-a0-656-gb4d89c20fa
 25859 | D:15     | Entered Level 15 of the Dungeon
 25881 | D:15     | Found an iron altar of Okawaru.
 26241 | D:15     | Found a runed translucent gate.
 26242 | D:15     | Found a runed translucent gate.
 26248 | D:15     | Noticed MrSquiggles's ghost (journeyman MiFi)
 26249 | D:15     | Found a runed translucent gate.
 26492 | D:15     | Reached skill level 5 in Evocations
 27335 | D:15     | Found a staircase to the Depths.
 28159 | D:15     | Killed MrSquiggles's ghost
 28427 | Snake:1  | Entered Level 1 of the Snake Pit
 28506 | Snake:1  | Found Zyavuray's Armour Boutique.
 28865 | Snake:1  | Reached XP level 16. HP: 141/152 MP: 5/15
 28991 | Snake:1  | Identified the +8 great mace of Erriter {flame, rC- Str+5
                  | SInv} (Trog gifted it to you on level 1 of the Snake Pit)
 28991 | Snake:1  | Received a gift from Trog
 29846 | Snake:2  | Reached skill level 21 in Axes
 29850 | Snake:2  | Noticed Jorgrun
 29861 | Snake:2  | Killed Jorgrun
 30064 | Snake:2  | Reached skill level 10 in Armour
 30142 | Snake:2  | Found Boobug's Weapon Shop.
 30151 | Snake:2  | Bought 6 curare-tipped darts for 93 gold pieces
 30368 | Snake:2  | Identified the +0 cloak of Winter {*Corrode Drain rN+++
                  | Stlth+}
 30748 | Snake:2  | Found Puacis Wife's General Store.
 30757 | Snake:2  | Bought a scroll of poison for 64 gold pieces
 30757 | Snake:2  | Bought a potion of curing for 48 gold pieces
 30757 | Snake:2  | Bought a +6 ring of strength for 576 gold pieces
 30760 | Snake:2  | Found Vaufeh's Book Emporium.
 32288 | Snake:3  | Noticed Saint Roka
 32289 | Snake:3  | Paralysed by an orc sorcerer for 5 turns
 34701 | Snake:3  | Killed Saint Roka
 34702 | Snake:3  | Reached skill level 22 in Axes
 34821 | Snake:3  | Found a snail-covered altar of Cheibriados.
 35589 | Snake:4  | Entered Level 4 of the Snake Pit
 35626 | Snake:4  | Found a flickering gateway to a bazaar.
 35671 | Bazaar   | Entered a bazaar
 35671 | Bazaar   | Found Ulatem's Jewellery Shoppe.
 35671 | Bazaar   | Found Ussyivao's Magic Scroll Emporium.
 35673 | Bazaar   | Found Hiushruza's Magic Scroll Shoppe.
 35689 | Bazaar   | Found Soisiosk's Armour Emporium.
 35693 | Bazaar   | Bought 3 scrolls of revelation for 292 gold pieces
 35693 | Bazaar   | Bought a scroll of enchant weapon for 97 gold pieces
 35699 | Bazaar   | Bought a +0 hat of stealth for 198 gold pieces
 35714 | Snake:4  | Found Viuxkeo's Jewellery Shoppe.
 35715 | Snake:4  | Found Igoycviw's Book Boutique.
 35715 | Snake:4  | Found Reuh Nusm's Book Boutique.
 35905 | Snake:4  | Reached XP level 17. HP: 151/162 MP: 16/16
 37651 | Snake:4  | Upgraded the game from 0.31-a0-656-gb4d89c20fa to
                  | 0.31-a0-662-g684573625c
 38088 | Snake:4  | Reached skill level 23 in Axes
 38123 | Snake:4  | Got a serpentine rune of Zot
 38397 | Shoals:1 | Entered Level 1 of the Shoals
 38737 | Shoals:1 | Received a gift from Trog
 38779 | Shoals:1 | Noticed Frances
 38788 | Shoals:1 | Killed Frances
 38842 | Shoals:1 | Found Itucwy's CLEARANCE SALE!.
 38850 | Shoals:1 | Bought a potion of curing for 15 gold pieces
 39691 | Shoals:2 | Noticed Roxanne
 39700 | Shoals:2 | Killed Roxanne
 39961 | Snake:4  | Bought an amulet of reflection for 420 gold pieces
 40404 | Shoals:2 | Reached skill level 1 in Stealth
 40825 | Shoals:2 | Noticed Polyphemus
 40837 | Shoals:2 | Killed Polyphemus
 41319 | Shoals:3 | Noticed Ilsuiw
 41329 | Shoals:3 | Killed Ilsuiw
 41351 | Shoals:3 | HP: 5/166 [water nymph/the raging water (5)]
 41675 | Shoals:3 | Reached XP level 18. HP: 173/173 MP: 17/17
 43057 | Shoals:3 | Noticed Donald
 43072 | Shoals:3 | Killed Donald
 43233 | Shoals:3 | Reached ****** piety under Trog
 43333 | Shoals:3 | Reached skill level 1 in Throwing
 43837 | Shoals:4 | Entered Level 4 of the Shoals
 44385 | Shoals:4 | Received a gift from Trog
 44550 | Shoals:4 | Got a barnacled rune of Zot
 44608 | Shoals:4 | Found a runed translucent gate.
 44673 | Shoals:4 | Found a runed translucent gate.
 44687 | Shoals:4 | Reached skill level 5 in Dodging
 44691 | Shoals:4 | Identified the +1 trident of Pij Loick {venom, Dex+2}
 45123 | Shoals:4 | Identified the staff "Zarofuav" {rF+ Stlth+ Conj}
 45627 | Shoals:4 | Found a runed translucent gate.
 45632 | Shoals:4 | Noticed jasper's ghost (adept DsCA)
 45641 | Shoals:4 | Killed jasper's ghost
 46122 | Elf:1    | Entered Level 1 of the Elven Halls
 46281 | Elf:1    | Paralysed by an air elemental for 1 turns
 47070 | Elf:1    | Received a gift from Trog
 47073 | Elf:1    | Reached skill level 5 in Stealth
 47633 | Elf:1    | Reached skill level 5 in Throwing
 47680 | Elf:1    | Identified the +0 ring mail "Vetiuvalat" {Will- Str+5}
 47802 | Elf:1    | Found Ytzub's Distillery.
 47904 | Elf:1    | Reached XP level 19. HP: 173/183 MP: 18/18
 47917 | Elf:1    | Noticed a Brimstone Fiend
 47918 | Elf:1    | Killed from afar by a deep elf knight

Illustrated notes

Levels and vault maps discovered:
D:1:      scummos_arrival_forest, layout_basic, serial_shops, shop,
          dreamdust_wishing_well
D:2:      layout_basic, uniq_robin, uniq_terence, uniq_sigmund
D:3:      layout_basic, mainiacjoe_overflow_catwalk,
          minmay_randomly_rotated_circles
D:4:      layout_layer_cave, temple_pool_b, palyth_stone_intersect,
          dreamdust_princess_corridor, kennysheep_generic_room_7, uniq_ijyb,
          uniq_pikel
D:5:      layout_rooms, grunt_temple_overflow_holy_war, zin_statuary
D:6:      layout_gridville, mainiacjoe_overflow_cross_hatched,
          gammafunk_ghost_nasty_kobolds, st_stairs_4, minivault_14,
          nicolae_shop_i_like_small_books_too
D:7:      layout_rooms, serial_shops, nicolae_shop_gibbet_a_chance,
          uniq_menkaure
D:8:      layout_cave_pools, minmay_manual_mail
D:9:      gammafunk_indiana_jones, layout_loops_ring,
          mainiacjoe_overflow_24_doors, bloody_trog, uniq_maurice
D:10:     layout_basic, dpeg_oklobed_lair, uniq_fannar, uniq_maggie,
          uniq_erolcha
D:11:     layout_long_grid, orc_0_dummy, gauntlet_entry_generic
D:12:     layout_long_grid, kennysheep_slug_shrine
D:13:     layout_cave_pools, minmay_nine_imps
D:14:     layout_loops_ring, david_vaults_5, minmay_misc_feat_columns
D:15:     grunt_enter_depths_giant_problem, layout_layer_cave,
          gammafunk_ghost_hydra_chop, okawaru_gym_becter
Lair:1:   layout_loops_ring, infiniplex_staircase_pool
Lair:2:   lemuel_reptile_caves, layout_regular_city
Lair:3:   layout_regular_city, minmay_shoals_entry_lonely_mermaid,
          minmay_snake_entry_spellcaster, roderic_batcave,
          grunt_forest_stairs_basic, cheibrodos_lair_lostbears,
          serial_bayou_shore_a, grunt_megastairs_3
Lair:4:   layout_concentric_octagons, lemuel_fruit_tree, grunt_megastairs_2,
          serial_bayou_shore_b
Lair:5:   grunt_lair_end_beastmaster, layout_misc_corridors,
          minmay_slime_entry_pillars
Shoals:1: layout_shoals, nicolae_shop_clearance, uniq_frances
Shoals:2: layout_shoals, uniq_roxanne, uniq_polyphemus
Shoals:3: layout_shoals, nicolae_shoals_lost_giant_hut, uniq_donald, uniq_ilsuiw
Shoals:4: shoals_end_simple, layout_shoals, shoals_ilsuiw_alternative,
          ebering_ghost_rock_garden
Snake:1:  layout_concentric_octagons, serial_shops,
          nicolae_shop_just_a_little_nook
Snake:2:  layout_chambers, serial_shops, shop, nicolae_snake_gridmaze_swirls,
          serial_bayou_lagoon_b, minmay_shoptagon, uniq_jorgrun
Snake:3:  layout_onion, basic_altar, nicolae_snake_boneroom, uniq_saint_roka
Snake:4:  grunt_snake_rune_pools, layout_misc_corridors, serial_shops,
          bzr_entry_water, minmay_shop_grove
Orc:1:    layout_diamond_mine
Orc:2:    grunt_orc_tribal_feast, layout_diamond_mine,
          gammafunk_ghost_fury_of_okawaru
Elf:1:    eino_elf_arrival_customs, layout_geoelf_octagon, serial_shops,
          nicolae_take_the_stairs, hangedman_elven_crosses_minicolossus,
          st_stairs_5, orc_legates

Skill      XL: |  1  2  3  4  5  6  7  8  9 10 11 12 13 14 15 16 17 18 |
---------------+-------------------------------------------------------+-----
Axes           | 4 5 6 8 9 10 11 13 15 17 18 19 20 22 23 | 23.7
Fighting       | 4 5 6 7 8 10 11 12 13 15 16 17 18 19 | 19.3
Maces & Flails | 2 4 5 |  5.0
Ranged Weapons | 4 7 9 11 13 15 16 17 | 17.8
Polearms       | 2 3 |  3.3
Armour         | 5 9 11 13 | 13.0
Evocations     | 2 5 7 8 9 |  9.0
Stealth        | 2 5 |  5.4
Dodging        | 3 6 |  6.9
Throwing       | 5 |  5.2

Action                     |  1- 3 |  4- 6 |  7- 9 | 10-12 | 13-15 | 16-18 | 19-21 || total
---------------------------+-------+-------+-------+-------+-------+-------+-------++-------
  Melee: Hand axe          |    74 |    28 |    10 |       |       |       |       ||   112
         Headbutt          |     8 |    14 |    29 |    92 |   145 |   118 |     5 ||   411
         Punch             |     1 |       |       |       |       |       |       ||     1
         Morningstar       |       |    85 |    53 |       |       |       |       ||   138
         Trident           |       |       |    69 |       |       |       |       ||    69
         Battleaxe         |       |       |    67 |   414 |   540 |       |       ||  1021
         Dire flail        |       |       |       |       |    14 |       |       ||    14
         Executioner's axe |       |       |       |       |   103 |   565 |    10 ||   678
   Fire: Sling             |       |       |    93 |       |       |       |       ||    93
         Arbalest          |       |       |       |   172 |   461 |   587 |       ||  1220
  Throw: Javelin           |     2 |     3 |       |     2 |       |       |       ||     7
         Dart              |       |     1 |       |       |       |       |       ||     1
         Boomerang         |       |       |       |     3 |     9 |    12 |       ||    24
 Invoke: Berserk           |     1 |     3 |     9 |    10 |    13 |     6 |       ||    42
         Trog's Hand       |       |     1 |     7 |    19 |    40 |    11 |     1 ||    79
         Brothers in Arms  |       |       |       |       |     2 |       |       ||     2
  Evoke: Wand              |       |       |       |    23 |     7 |     6 |       ||    36
    Use: Scroll            |     1 |       |    10 |     6 |    18 |    10 |       ||    45
         Potion            |       |       |     2 |     1 |     3 |     8 |       ||    14
   Stab: Invisible         |       |       |       |     2 |    11 |     1 |       ||    14
 Armour: Animal skin       |    18 |     5 |       |       |       |       |       ||    23
         Chain mail        |       |    64 |   178 |   270 |   521 |   649 |    40 ||  1722
  Dodge: Dodged            |    56 |    53 |   136 |   401 |   639 |   403 |    11 ||  1699
  Block: Buckler           |       |       |    27 |       |       |       |       ||    27
         Other             |       |       |       |       |       |    76 |     5 ||    81
         Reflection        |       |       |       |       |       |     8 |       ||     8

Table legend: (Time is in decaauts)
 A = Elapsed time spent in this place.
 B = Non-inter-level travel time spent in this place.
 C = Inter-level travel time spent in this place.
 D = Time resting spent in this place.
 E = Time spent auto-exploring this place.
 F = Levels seen in this place.
 G = Mean time per level.
                   A        B        C        D        E       F      G
               +--------+--------+--------+--------+--------+-----+--------+
         Total |  48448 |  46504 |   1944 |  20267 |  18127 |  33 | 1468.1 |
       Dungeon |  17104 |  16308 |    796 |   5017 |   8358 |  15 | 1140.3 |
          Lair |   7285 |   6884 |    401 |   2305 |   3115 |   5 | 1457.0 |
        Shoals |   7386 |   7079 |    307 |   3070 |   3059 |   4 | 1846.5 |
     Snake Pit |  10107 |   9766 |    341 |   5905 |   2465 |   4 | 2526.8 |
  Orcish Mines |   4482 |   4386 |     96 |   3076 |    700 |   2 | 2241.0 |
   Elven Halls |   1781 |   1781 |      0 |    820 |    393 |   1 | 1781.0 |
        Bazaar |     36 |     36 |      0 |      0 |     28 |   1 |   36.0 |
      Gauntlet |    263 |    263 |      0 |     71 |      8 |   1 |  263.0 |
               +--------+--------+--------+--------+--------+-----+--------+

Top non-repeatable levels by time:
 Snake:3: 4074 daAuts
   Orc:2: 3224 daAuts
 Snake:4: 2763 daAuts
  Lair:2: 2708 daAuts
    D:15: 2424 daAuts
Shoals:3: 2246 daAuts
Shoals:4: 2078 daAuts
 Snake:2: 1836 daAuts
    D:10: 1830 daAuts
   Elf:1: 1781 daAuts
     D:6: 1723 daAuts
Shoals:2: 1685 daAuts
     D:4: 1573 daAuts
     D:9: 1438 daAuts
 Snake:1: 1433 daAuts
